 Dungeon Crawl Stone Soup version 0.31-a0-986-g5e6e4ef867 (webtiles) character file.

Game seed: 7485197256584119984

3395 timneilson the Ruffian (level 10, -3/68 HPs)
             Began as an Octopode Shapeshifter on Nov 4, 2023.
             Was an Initiate of Gozag.
             Slain by Jeremiah
             ... wielding a +2 vampiric trident
              (10 damage)
             ... on level 7 of the Dungeon.
             The game lasted 00:17:21 (8492 turns).

timneilson the Ruffian (Octopode Shapeshifter)      Turns: 8492, Time: 00:17:22

Health: -3/68      AC:  1    Str: 17    XL:     10   Next: 4%
Magic:  15/15      EV: 15    Int: 13    God:    Gozag
Gold:   1003       SH:  0    Dex: 12    Spells: 13/16 levels left

rFire   . .          .
                       - Unarmed
rCold   . . .        (no shield)
rNeg    . . .        (helmet currently unavailable)
rPois   .            (no amulet)
rElec   .            (no ring)
rCorr   .            (no ring)
SInv    .            (no ring)
Will    .....        (no ring)
Stlth   ++++         (no ring)
HPRegen 0.31/turn    (no ring)
MPRegen 0.14/turn    (no ring)
                     (no ring)

%: no passive effects
@: beast-form
A: beast (slay +3), almost no armour, amphibious, 8 rings, camouflage 1,
gelatinous body 1, (nimble swimmer 1), tentacles
a: Begin Untransformation, Renounce Religion, Potion Petition, Call Merchant,
Bribe Branch


You were on level 7 of the Dungeon.
You worshipped Gozag.
Gozag was most pleased with you.
You were a hulking beast.
You visited 2 branches of the dungeon, and saw 8 of its levels.

You collected 1074 gold pieces.
You paid 71 gold pieces to Gozag.

Inventory:

Armour
 n - a +1 hat
Talismans
 b - a beast talisman
 c - a flux talisman
 q - a serpent talisman
Wands
 k - a wand of flame (47)
 m - a wand of digging (4)
Scrolls
 d - a scroll of identify
 e - a scroll of amnesia
 g - a scroll of teleportation
 h - 3 scrolls of vulnerability
 o - a scroll of noise {unknown}
Potions
 a - 2 potions of lignification
 f - 2 potions of attraction
 i - a potion of might {unknown}
 j - a potion of resistance {unknown}
 p - a potion of magic {unknown}


   Skills:
 * Level 5.9 Fighting
 * Level 6.1 Dodging
 + Level 6.0 Stealth
 * Level 6.7 Unarmed Combat
 + Level 3.5 Spellcasting
 + Level 0.5 Summonings
 + Level 4.0 Evocations
 * Level 6.2 Shapeshifting


You had 13 spell levels left.
You knew the following spells:

 Your Spells              Type           Power      Damage    Failure   Level
a - Call Canine Familiar  Summ           3%         N/A       45%         3

Your spell library contained the following spells:

 Spells                   Type           Power      Damage    Failure   Level
 Shock                    Conj/Air       8%         1d3       22%         1
 Hailstorm                Conj/Ice       2%         3d3       54%         3
 Sigil of Binding         Hex            2%         N/A       54%         3
 Swiftness                Air            2%         N/A       54%         3
 Summon Ice Beast         Ice/Summ       3%         N/A       89%         4
 Airstrike                Air            1%         2d(1-17)  91%         4
 Dimensional Bullseye     Hex/Tloc       1%         N/A       91%         4
 Leda's Liquefaction      Hex/Erth       1%         N/A       91%         4
 Simulacrum               Ice/Necr       Unusable   N/A       N/A         6

Dungeon Overview and Level Annotations

Branches:
Dungeon (7/15)             Temple (1/1) D:4

Altars:
Ashenzari
Cheibriados
Elyvilon
Gozag
Hepliaklqana
Kikubaaqudgha
Makhleb
Okawaru
Ru
Sif Muna
Trog
Uskayaw
Wu Jian
Xom
Yredelemnul
Zin
The Shining One

Shops:
D:4 (

Annotations:
D:5 3 runed translucent doors, GreenGuy14's ghost, novice MiFi
D:7 Jeremiah; Joseph


Innate Abilities, Weirdness & Mutations

You are a hulking beast.
Your limbs bulge with bestial killing power. (Slay +3)
You cannot wear most types of armour.
You are amphibious.
You can wear up to eight rings at the same time.
Your skin changes colour to match your surroundings (Stealth+).
Your rubbery body absorbs attacks. (AC +1, EV +1)
((You are camouflaged when in or above water. (Stealth+)))
You have tentacles for arms and can constrict up to eight enemies at once.


Message History

Jeremiah completely misses you.
You bludgeon the butterfly!
You kill the butterfly!
The butterfly disappears in a burst of colours!
Jeremiah hits you from afar with a +2 vampiric trident!
* * * LOW HITPOINT WARNING * * *
You feel much better.
The butterfly disappears in a burst of colours! x2
Jeremiah hits you from afar with a +2 vampiric trident!
You bludgeon the butterfly!
You kill the butterfly!
The butterfly disappears in a burst of colours!
Jeremiah hits you from afar with a +2 vampiric trident!
You bludgeon the butterfly!
You kill the butterfly!
The butterfly disappears in a burst of colours!
Jeremiah hits you from afar with a +2 vampiric trident.
You miss the butterfly. Your grab misses the butterfly.
Jeremiah hits you from afar with a +2 vampiric trident.
You miss the butterfly. Your grab misses the butterfly.
You squeeze the butterfly.
You kill the butterfly!
The butterfly disappears in a burst of colours!
Jeremiah cries, "Fearful master, protect me!"
Something smites you!
* * * LOW HITPOINT WARNING * * *
You bludgeon the butterfly!
You kill the butterfly!
The butterfly disappears in a burst of colours!
Unknown command.
You completely miss the butterfly. Your grab misses the butterfly.
Jeremiah barely misses you.
Unknown command.
You bludgeon the butterfly!
You kill the butterfly!
The butterfly disappears in a burst of colours!
Jeremiah hits you from afar with a +2 vampiric trident!
You die...
Jeremiah asks, "Is it over?
Can I wake up now?"
Your body crumbles into a pile of gold.

#.# #.#
#.#
#####.#
..##.#
#b##.#
#$##.#
#....#
#h####
#b#


bF# #### You could see Jeremiah.

Vanquished Creatures
  Prince Ribbit (D:5)
  Eustachio (D:4)
  Edmund (D:6)
  2 water moccasins
  Duvessa (D:4)
  An ice beast (D:7)
  2 sky beasts (D:6)
  2 black bears
  2 ogres (D:4)
  A centaur (D:7)
  A phantom (D:6)
  2 kobold brigands
  A bullfrog (D:6)
  4 scorpions
  3 wights (D:6)
  Dowan (D:4)
  4 hounds
  5 jellies
  2 orc priests (D:5)
  2 gnoll boudas (D:6)
  6 iguanas
  5 orc wizards
  5 sleepcaps
  15 gnolls
  6 adders
  A white imp (D:6)
  8 ufetubi
  A worm (D:3)
  3 dart slugs
  25 orcs
  5 endoplasms
  4 giant cockroaches
  6 goblins
  7 hobgoblins
  8 jackals
  6 quokkas
  8 ball pythons
  4 bats
  3 frilled lizards (D:1)
  20 kobolds
  3 rats
188 creatures vanquished.

Notes
Turn   | Place    | Note
-------+----------+-------------------------------------------
     0 | D:1      | timneilson the Octopode Shapeshifter began the quest for
                  | the Orb.
     0 | D:1      | Reached XP level 1. HP: 13/13 MP: 1/1
   240 | D:1      | Reached XP level 2. HP: 14/18 MP: 2/2
   743 | D:1      | Reached skill level 1 in Stealth
  1058 | D:2      | Reached XP level 3. HP: 23/23 MP: 3/3
  1493 | D:2      | Found a burning altar of Makhleb.
  1502 | D:2      | Reached XP level 4. HP: 29/29 MP: 4/4
  1921 | D:3      | Reached skill level 1 in Spellcasting
  1921 | D:3      | Reached XP level 5. HP: 4/34 MP: 6/6
  2250 | D:3      | Identified the +1 pair of boots of Responsibility {rPois}
  2691 | D:4      | Noticed an ogre
  2765 | D:4      | Killed an ogre
  2766 | D:4      | Reached XP level 6. HP: 41/41 MP: 6/8
  2840 | D:4      | Found a staircase to the Ecumenical Temple.
  2857 | Temple   | Entered the Ecumenical Temple
  2866 | Temple   | Became a worshipper of Gozag Ym Sagoz the Greedy
  3121 | D:4      | Reached skill level 1 in Evocations
  3141 | D:4      | Noticed Duvessa
  3160 | D:4      | Killed Duvessa
  3161 | D:4      | Reached XP level 7. HP: 46/46 MP: 9/9
  3161 | D:4      | Noticed Dowan
  3177 | D:4      | Killed Dowan
  3284 | D:4      | Found Ceroduf's Antique Weapon Emporium.
  3610 | D:4      | Noticed Eustachio
  3631 | D:4      | Killed Eustachio
  4034 | D:5      | Entered Level 5 of the Dungeon
  4058 | D:5      | Reached XP level 8. HP: 54/54 MP: 11/11
  4210 | D:4      | HP: 1/54 [ogre/+0 giant spiked club (31)]
  4212 | D:4      | Reached skill level 5 in Unarmed Combat
  5051 | D:5      | Found a white marble altar of Elyvilon.
  5051 | D:5      | Found a sacrificial altar of Ru.
  5053 | D:5      | Found a shimmering altar of Xom.
  5174 | D:5      | Found a runed translucent gate.
  5174 | D:5      | Found a runed translucent gate.
  5174 | D:5      | Noticed Prince Ribbit
  5178 | D:5      | Killed Prince Ribbit
  5179 | D:5      | Reached skill level 5 in Shapeshifting
  5179 | D:5      | Found a runed translucent gate.
  5220 | D:5      | Noticed GreenGuy14's ghost (novice MiFi)
  5826 | D:6      | Reached skill level 5 in Dodging
  5835 | D:6      | Reached XP level 9. HP: 43/59 MP: 13/13
  6037 | D:6      | Reached skill level 5 in Stealth
  6038 | D:6      | HP: 1/60 [gnoll/+0 spear (8)]
  6067 | D:6      | HP: 1/60 [acid (3)]
  6272 | D:6      | Reached skill level 5 in Fighting
  7031 | D:6      | Noticed Edmund
  7049 | D:6      | Killed Edmund
  8086 | D:7      | Learned a level 3 spell: Call Canine Familiar
  8092 | D:7      | Noticed Joseph
  8263 | D:7      | Noticed Jeremiah
  8318 | D:7      | Reached XP level 10. HP: 38/68 MP: 15/15
  8492 | D:7      | Slain by Jeremiah

Illustrated notes

Levels and vault maps discovered:
D:1:      dpeg_arrival_tiny_a, layout_basic
D:2:      layout_loops_ring, basic_altar
D:3:      layout_rooms, serial_bayou_lake_a
D:4:      layout_basic, minmay_temple_entry_offerings, serial_shops, shop,
          serial_bayou_pond_b, minmay_pentomino_pile, uniq_duvessa,
          uniq_eustachio
D:5:      layout_basic, grunt_temple_overflow_open, gammafunk_ghost_necromancy,
          grunt_ministairs_13, uniq_prince_ribbit1
D:6:      minmay_chambers_of_threes, layout_loops_corners, hellmonk_no_cap,
          uniq_edmund
D:7:      layout_loops_ring, uniq_jeremiah, uniq_joseph
Temple:   nicolae_temple_two_arcs

Skill      XL: |  1  2  3  4  5  6  7  8  9 |
---------------+----------------------------+-----
Stealth        | 1 2 3 4 6 |  6.0
Fighting       | 2 3 4 5 |  5.9
Spellcasting   | 1 2 3 |  3.5
Unarmed Combat | 4 5 6 |  6.7
Dodging        | 3 4 5 6 |  6.1
Evocations     | 1 2 4 |  4.0
Shapeshifting  | 4 5 6 |  6.2
Summonings     | |  0.5

Action                     |  1- 3 |  4- 6 |  7- 9 | 10-12 || total
---------------------------+-------+-------+-------+-------++-------
  Melee: Unarmed           |    68 |   124 |   274 |    15 ||   481
         Constrict         |    13 |    32 |    59 |     1 ||   105
         Punch             |     1 |     3 |    15 |       ||    19
         Tentacles         |    11 |    22 |    75 |     3 ||   111
  Evoke: Wand              |       |     4 |     9 |       ||    13
    Use: Scroll            |     4 |     4 |     6 |       ||    14
         Potion            |       |     1 |     5 |     1 ||     7
   Stab: Sleeping          |    12 |     5 |    12 |       ||    29
         Distracted        |       |     1 |     3 |       ||     4
 Armour: Skin              |    19 |    47 |   139 |     9 ||   214
  Dodge: Dodged            |    45 |    62 |   140 |     8 ||   255

Table legend: (Time is in decaauts)
 A = Elapsed time spent in this place.
 B = Non-inter-level travel time spent in this place.
 C = Inter-level travel time spent in this place.
 D = Time resting spent in this place.
 E = Time spent auto-exploring this place.
 F = Levels seen in this place.
 G = Mean time per level.
                   A        B        C        D        E       F      G
               +--------+--------+--------+--------+--------+-----+--------+
         Total |   8452 |   8234 |    218 |   1691 |   4463 |   8 | 1056.5 |
       Dungeon |   8434 |   8224 |    210 |   1691 |   4463 |   7 | 1204.9 |
        Temple |     18 |     10 |      8 |      0 |      0 |   1 |   18.0 |
               +--------+--------+--------+--------+--------+-----+--------+

Top non-repeatable levels by time:
     D:6: 2075 daAuts
     D:5: 1523 daAuts
     D:4: 1479 daAuts
     D:1: 1049 daAuts
     D:3: 976 daAuts
     D:2: 729 daAuts
     D:7: 600 daAuts
  Temple: 18 daAuts
